AoeStats
← Navix de los Bosques de Lituania

Arabia

509623709Analyzed
3v3 RM · 4d ago on Sep 27, 2026· 46m 24s· 6 players
Game mode
Random Map
Map size
Normal (6 player)
Population
200
Speed
Normal
Resources
Standard
Victory
Conquest
Starting age
Dark Age
Ending age
Imperial Age
RankedLock teamsTeams togetherTeam positionsShared explorationLock speedFull tech treeHidden civsTurbo modeCheats
Victory
Defeat
🇨🇳 Mongols · China
792
+14
🇩🇰 Koreans · Denmark
666
+19
🇺🇸 Teutons · United States
660
+18
🇨🇴 Slavs · Colombia
739
-17
🇦🇺 Danes · Australia
739
-17
724
-17
Derzer
10:15 Feudal Age
14:16 Man-at-Arms
14:44 Town Watch
16:58 Loom
19:09 Double-Bit Axe
19:07 Horse Collar
25:59 Castle Age
25:04 Bloodlines
26:40 Stone Mining
28:57 Town Patrol
29:26 Bow Saw
38:01 Wheelbarrow
38:28 Heavy Plow
39:14 Husbandry
45:25 Detinets
Navix de los Bosques de Lituania
2:00 Loom
12:04 Feudal Age
13:27 Wheelbarrow
12:39 Double-Bit Axe
20:33 Fletching
20:43 Padded Archer Armor
20:54 Forging
22:09 Horse Collar
22:54 Scale Mail Armor
26:26 Castle Age
26:57 Elite Skirmisher
27:44 Thumb Ring
28:50 Hand Cart
28:49 Bow Saw
31:27 Leather Archer Armor
31:07 Bodkin Arrow
35:20 Caravan
35:51 Coinage
37:40 Crossbowman
THENEYK
10:00 Feudal Age
10:26 Man-at-Arms
11:30 Arson
25:42 Castle Age
26:06 Pikeman
26:48 Squires
29:04 Wheelbarrow
28:16 Town Watch
33:04 Hamask
36:36 Horse Collar
Gobbor
0:39 Loom
13:06 Feudal Age
14:31 Double-Bit Axe
14:30 Horse Collar
20:46 Gold Mining
23:09 Stone Mining
30:46 Castle Age
31:51 Wheelbarrow
32:22 Bow Saw
32:44 Caravan
32:58 Heavy Plow
38:33 Imperial Age
37:22 Hand Cart
38:50 Gold Shaft Mining
42:26 Two-Man Saw
42:34 Conscription
44:34 Shinkichon
43:40 Heavy Rocket Cart
jacobfinck
2:00 Loom
14:17 Feudal Age
14:48 Double-Bit Axe
14:48 Horse Collar
19:18 Fletching
19:29 Padded Archer Armor
25:26 Castle Age
26:24 Bow Saw
25:45 Crossbowman
26:28 Heavy Plow
27:10 Bodkin Arrow
31:04 Ballistics
31:16 Elite Skirmisher
38:03 Imperial Age
39:46 Leather Archer Armor
zeng2382024
0:45 Loom
11:57 Feudal Age
25:50 Castle Age
24:46 Gold Mining
24:46 Stone Mining
25:40 Fletching
25:51 Padded Archer Armor
27:28 Leather Archer Armor
29:02 Bodkin Arrow
30:26 Crossbowman
33:32 Horse Collar
34:08 Double-Bit Axe
38:06 Murder Holes
41:11 Scale Barding Armor
Connection lost

Rejoining the realm…

Still unreachable

The connection could not be restored.

Session expired

The server has moved on; the page needs a fresh start.